 Dungeon Crawl Stone Soup version 0.31-a0-1104-g3bd3108e02 (webtiles) character file.

Game seed: 11265559294624798521

795 inmateoo the Poker (level 7, 0/54 HPs)
             Began as a Merfolk Gladiator on Dec 2, 2023.
             Slain by Sigmund
             ... wielding a +0 scythe
              (9 damage)
             ... on level 4 of the Dungeon.
             The game lasted 00:03:46 (4274 turns).

inmateoo the Poker (Merfolk Gladiator)              Turns: 4274, Time: 00:03:47

Health: 0/54       AC: 14    Str: 16    XL:     7   Next: 89%
Magic:  7/7        EV: 14    Int:  7    God:
Gold:   119        SH:  0    Dex: 16    Spells: 6/6 levels left

rFire   . . .        m - +1 glaive (protect)
rCold   . . .        (shield currently unavailable)
rNeg    . . .        l - +0 ring mail
rPois   .            c - +0 helmet
rElec   .            (no cloak)
rCorr   .            p - +0 pair of gloves
SInv    .            (no boots)
Will    .....        (no amulet)
Stlth   +            (no ring)
HPRegen 0.29/turn    (no ring)
MPRegen 0.10/turn

%: clarity
@: under a protective aura
A: (nimble swimmer 2), mertail, clarity, sturdy frame 1
a: no special abilities


You were on level 4 of the Dungeon.
You visited 1 branch of the dungeon, and saw 4 of its levels.
You also visited: Sewer.

You collected 119 gold pieces.

Inventory:

Hand Weapons
 a - a +0 trident
 m - a +1 glaive of protection (weapon)
Missiles
 d - a throwing net (quivered)
 e - a javelin
Armour
 c - a +0 helmet (worn)
 l - a +0 ring mail (worn)
 p - a +0 pair of gloves (worn)
Wands
 q - a wand of flame (23)
Scrolls
 b - 2 scrolls of teleportation
 f - 2 scrolls of enchant weapon
 g - a scroll of vulnerability {unknown}
 i - a scroll of silence {unknown}
 o - 3 scrolls of revelation
Potions
 h - 2 potions of might
 k - a potion of degeneration
 n - 2 potions of curing
 v - a potion of invisibility {unknown}


   Skills:
 + Level 4.3 Fighting
 * Level 7.7 Polearms
 - Level 2.0 Throwing
 + Level 2.2 Armour
 + Level 6.1 Dodging
 + Level 3.6 Shapeshifting


You had 6 spell levels left.
You didn't know any spells.
Your spell library contained the following spells:

 Spells                   Type           Power      Damage    Failure   Level
 Necrotise                Necr           0%         1d4       54%         1
 Shock                    Conj/Air       0%         1d3       54%         1
 Dazzling Flash           Conj/Hex       0%         N/A       88%         3
 Gell's Gravitas          Tloc           0%         N/A       88%         3
 Swiftness                Air            0%         N/A       88%         3
 Teleport Other           Tloc           0%         N/A       88%         3
 Vampiric Draining        Necr           0%         2d6       88%         3
 Volatile Blastmotes      Fire/Tloc      0%         2d10      88%         3
 Airstrike                Air            0%         2d(0-16)  99%         4
 Agony                    Necr           0%         N/A       100%        5
 Dispersal                Tloc           0%         N/A       100%        6
 Starburst                Conj/Fire      0%         6d3       100%        6
 Maxwell's Capacitive Co  Air            0%         ∞         100%        8


Dungeon Overview and Level Annotations

Branches:
Dungeon (4/15)              Sewer (visited)
 Temple: D:4-7

Altars:
Nemelex Xobeh
Ru

Shops:
D:3 :

Annotations:
D:4 Sigmund


Innate Abilities, Weirdness & Mutations

((You are very nimble when in or above water. (Stealth+, EV+, Speed+++)))
Your lower body shifts to a powerful aquatic tail in water.
You possess an exceptional clarity of mind.
Your movements are slightly less encumbered by armour. (ER -2)


Message History

Something tries to affect you, but you resist.
No target in view!
You miss something. Something hits you.
No target in view!
You barely miss something. Something barely misses you.
No target in view!
You barely miss something. Something hits you!
No target in view!
You closely miss something. Something hits you.
You closely miss something. Something hits you!
You are too injured to fight recklessly!
You hit something.
Your weapon exudes an aura of protection.
Something hits you but does no damage.
You hit something. Something hits you but does no damage.
You closely miss something.
You hear some strange, mumbled words.
Something tries to affect you, but you resist.
You barely miss something. Something hits you!
* * * LOW HITPOINT WARNING * * *
You closely miss something. Something hits you.
* * * LOW HITPOINT WARNING * * *
You miss something.
It was a potion of curing.
You feel better. Something hits you but does no damage.
It was a potion of mutation.
You feel extremely strange.
You feel less encumbered by your armour.
Your thoughts seem clearer.
Something hits you but does no damage.
You hit something but do no damage.
Your weapon exudes an aura of protection.
You hear some strange, mumbled words.
A puff of flame appears from out of thin air!
The puff of flame hits you!
* * * LOW HITPOINT WARNING * * *
It was a potion of magic.
Magic courses through your body.
You hear some strange, mumbled words.
You feel momentarily confused.
It was a potion of cancellation.
You feel magically purged. Something hits you!
You die...

#.....#.#.###...
#.##.##.........
###.##.##.........
#..<##.##.........
#.#.##.#..........
####
#.#....#......#...
.....
#.######..........
...$..#.#
#..........
....>.{@#
##........#
.$....###
#......... ......
......... ###..
#######†# #.. #†#
#. #.# #. #)# #.#
#.#


There were no monsters in sight!

Vanquished Creatures
  Edmund (D:4)
  Blork the orc (D:4)
  4 kobold brigands (Sewer)
  2 hounds (D:4)
  An iguana (D:3)
  5 river rats (Sewer)
  7 adders
  3 worms
  A dart slug (D:1)
  2 orcs
  8 endoplasms
  7 giant cockroaches
  9 goblins
  11 hobgoblins
  5 jackals
  20 kobolds
  10 quokkas
  17 ball pythons
  8 bats
  3 frilled lizards
  25 rats
150 creatures vanquished.

Notes
Turn   | Place    | Note
-------+----------+-------------------------------------------
     0 | D:1      | inmateoo the Merfolk Gladiator began the quest for the Orb.
     0 | D:1      | Reached XP level 1. HP: 16/16 MP: 1/1
   115 | D:1      | Reached XP level 2. HP: 23/23 MP: 2/2
   335 | D:1      | Reached XP level 3. HP: 28/28 MP: 3/3
   837 | D:2      | Found a sacrificial altar of Ru.
   867 | D:2      | Reached skill level 5 in Polearms
   867 | D:2      | Reached skill level 1 in Shapeshifting
   880 | D:2      | Reached XP level 4. HP: 34/34 MP: 4/4
   936 | D:2      | Reached skill level 1 in Armour
  1763 | D:3      | Found a sparkling altar of Nemelex Xobeh.
  1845 | D:3      | Reached XP level 5. HP: 25/41 MP: 5/5
  2183 | D:3      | Found Lychiq's Book Emporium.
  2438 | D:4      | Reached skill level 5 in Dodging
  2514 | D:4      | Found a glowing drain.
  2531 | D:4      | Reached skill level 6 in Polearms
  2552 | Sewer    | Entered a sewer
  2590 | Sewer    | Reached XP level 6. HP: 30/47 MP: 6/6
  3457 | Sewer    | Reached XP level 7. HP: 53/53 MP: 7/7
  3471 | Sewer    | Reached skill level 7 in Polearms
  3961 | D:4      | Noticed Blork the orc
  3983 | D:4      | Killed Blork the orc
  4138 | D:4      | Noticed Edmund
  4149 | D:4      | Killed Edmund
  4248 | D:4      | Noticed Sigmund
  4271 | D:4      | Gained mutation: Your movements are slightly less
                  | encumbered by armour. (ER -2) [potion of mutation]
  4271 | D:4      | Gained mutation: You possess an exceptional clarity of
                  | mind. [potion of mutation]
  4274 | D:4      | Slain by Sigmund

Illustrated notes

Levels and vault maps discovered:
D:1:      dpeg_arrival_arbitrary_a, layout_loops_ring
D:2:      layout_loops_corners, basic_altar, grunt_ministairs_1
D:3:      layout_loops_ring, nemelex_xobeh_ov_fountains_minmay, serial_shops,
          nicolae_shop_rolling_square
D:4:      layout_basic, marbit_many_paths, gup_sewer_entry_pipe,
          grunt_decor_fettered, uniq_blork_the_orc, uniq_edmund, uniq_sigmund

Skill      XL: |  1  2  3  4  5  6  7 |
---------------+----------------------+-----
Polearms       | 5 6 7 |  7.7
Shapeshifting  | 1 2 3 |  3.6
Armour         | 1 2 |  2.2
Fighting       | 3 4 |  4.3
Dodging        | 5 6 |  6.1
Throwing       | |  2.0

Action                     |  1- 3 |  4- 6 |  7- 9 || total
---------------------------+-------+-------+-------++-------
  Melee: Trident           |    90 |       |       ||    90
         Glaive            |     6 |   260 |    78 ||   344
         Tailslap          |       |     9 |       ||     9
  Throw: Throwing net      |       |       |     2 ||     2
    Use: Scroll            |       |       |     8 ||     8
         Potion            |       |       |     4 ||     4
   Stab: Sleeping          |     4 |       |       ||     4
         Distracted        |       |       |     1 ||     1
         Held in net/web   |       |       |     1 ||     1
 Armour: Leather armour    |    19 |       |       ||    19
         Ring mail         |    11 |   125 |    51 ||   187
  Dodge: Dodged            |    46 |   230 |    65 ||   341

Table legend: (Time is in decaauts)
 A = Elapsed time spent in this place.
 B = Non-inter-level travel time spent in this place.
 C = Inter-level travel time spent in this place.
 D = Time resting spent in this place.
 E = Time spent auto-exploring this place.
 F = Levels seen in this place.
 G = Mean time per level.
                   A        B        C        D        E       F      G
               +--------+--------+--------+--------+--------+-----+--------+
         Total |   4319 |   4236 |     83 |    953 |   2265 |   5 |  863.8 |
       Dungeon |   3203 |   3120 |     83 |    333 |   2098 |   4 |  800.8 |
         Sewer |   1115 |   1115 |      0 |    620 |    166 |   1 | 1115.0 |
               +--------+--------+--------+--------+--------+-----+--------+

Top non-repeatable levels by time:
   Sewer: 1115 daAuts
     D:2: 924 daAuts
     D:1: 794 daAuts
     D:3: 756 daAuts
     D:4: 728 daAuts
